 Dungeon Crawl Stone Soup version 0.30.0-18-gc0e69614cb (webtiles) character file.

Game seed: 849843344316984390

4234 monsoonserge the Jinx (level 10, 0/47 HPs)
             Began as a Vine Stalker Enchanter on May 24, 2023.
             Was a Follower of Wu Jian.
             Slain by a wight
             ... wielding a +3 trident
              (8 damage)
             ... on level 9 of the Dungeon.
             The game lasted 00:37:22 (8016 turns).

monsoonserge the Jinx (Vine Stalker Enchanter)      Turns: 8016, Time: 00:37:24

Health: 0/47       AC:  4    Str: 12    XL:     10   Next: 30%
Magic:  0/17       EV: 17    Int: 25    God:    Wu Jian [*.....]
Gold:   502        SH:  7    Dex: 14    Spells: 1/17 levels left

rFire   . . .        p - +3 dagger (flame)
rCold   . . .        v - +2 buckler
rNeg    . . .        g - +0 leather armour
rPois   .            (no helmet)
rElec   .            z - +0 cloak
rCorr   .            (no gloves)
SInv    .            (no boots)
Will    +....        (no amulet)
Stlth   +++          a - +5 ring of evasion
HPRegen 1.07/turn    O - +6 ring of intelligence
MPRegen 0.15/turn

%: guardian spirit
@: no status effects
A: fangs 3, regeneration 1, magic shield, antimagic bite, no potion heal 2
a: Renounce Religion


You were on level 9 of the Dungeon.
You worshipped Wu Jian.
Wu Jian was aware of your devotion.
You visited 2 branches of the dungeon, and saw 10 of its levels.
You also visited: Ossuary.

You collected 502 gold pieces.

Inventory:

Hand Weapons
 f - a +1 dagger of venom
 p - a +3 dagger of flaming (weapon)
 K - a +2 vampiric dagger
 L - a +1 dagger of distortion
Missiles
 D - 3 throwing nets
 E - 6 boomerangs of dispersal
 I - 8 poisoned darts (quivered)
Armour
 g - a +0 leather armour (worn)
 j - a +0 ring mail
 v - a +2 buckler (worn)
 z - a +0 cloak (worn)
 M - a +0 robe of fire resistance
Jewellery
 a - a +5 ring of evasion (left hand)
 O - a +6 ring of intelligence (right hand)
Wands
 k - a wand of flame (49)
 C - a wand of charming (1)
 N - a wand of acid (13)
Scrolls
 d - 3 scrolls of teleportation
 l - 3 scrolls of brand weapon {unknown}
 n - 6 scrolls of identify {unknown}
 o - 2 scrolls of vulnerability {unknown}
 r - 3 scrolls of amnesia {unknown}
 s - a scroll of enchant weapon {unknown}
 t - 2 scrolls of fog {unknown}
 w - 2 scrolls of summoning {unknown}
 x - 2 scrolls of blinking {unknown}
 y - 2 scrolls of enchant armour {unknown}
 B - 3 scrolls of immolation {unknown}
 H - a scroll of poison {unknown}
 J - a scroll of fear {unknown}
Potions
 b - a potion of heal wounds {unknown}
 c - 2 potions of invisibility
 e - 5 potions of mutation {unknown}
 h - a potion of magic {unknown}
 i - 8 potions of curing {unknown}
 m - a potion of berserk rage
 q - 4 potions of brilliance {unknown}
 u - 4 potions of flight {unknown}
 A - 4 potions of degeneration {unknown}
 F - a potion of haste {unknown}
 G - 2 potions of attraction {unknown}
 P - a potion of cancellation {unknown}


   Skills:
 + Level 2.4 Fighting
 + Level 4.9 Short Blades
 + Level 0.2 Throwing
 + Level 4.2 Armour
 + Level 3.9 Dodging
 - Level 5.1 Stealth
 * Level 5.1 Shields
 + Level 1.6 Unarmed Combat
 + Level 4.2 Spellcasting
 - Level 2.0 Conjurations
 + Level 8.3 Hexes
 - Level 2.0 Ice Magic


You had one spell level left.
You knew the following spells:

 Your Spells              Type           Power      Damage    Failure   Level
a - Ensorcelled Hibernat  Hex/Ice        62%        N/A       2%          2
b - Confusing Touch       Hex            46%        N/A       1%          3
c - Tukima's Dance        Hex            46%        N/A       1%          3
d - Dazzling Flash        Conj/Hex       62%        N/A       5%          3
e - Slow                  Hex            100%       N/A       1%          1
f - Cause Fear            Hex            23%        N/A       4%          4

Your spell library contained the following spells:

 Spells                   Type           Power      Damage    Failure   Level
 Anguish                  Hex/Necr       13%        N/A       28%         4
 Gell's Gravitas          Tloc           5%         N/A       43%         3
 Teleport Other           Tloc           5%         N/A       43%         3
 Vampiric Draining        Necr           5%         2d6       43%         3
 Enfeeble                 Hex            23%        N/A       99%         7
 Dispersal                Tloc           2%         N/A       100%        6


Dungeon Overview and Level Annotations

Branches:
Dungeon (9/15)             Temple (1/1) D:7         Ossuary (visited)
   Lair: D:8-11         Orc: D:9-12

Altars:
Ashenzari
Cheibriados
Dithmenos
Elyvilon
Fedhas
Gozag
Hepliaklqana
Kikubaaqudgha
Makhleb
Nemelex Xobeh
Okawaru
Qazlal
Ru
Sif Muna
Trog
Uskayaw
Vehumet
Wu Jian
Yredelemnul
Zin
The Shining One

Shops:
D:2 (   D:8 [

Annotations:
D:8 Amaemon


Innate Abilities, Weirdness & Mutations

You have razor-sharp teeth.
Your natural rate of healing is unusually fast.
When hurt, damage is shared between your health and your magic reserves.
Your bite disrupts and absorbs the magic of your enemies.
Potions cannot restore your health.


Message History

Deactivating autopickup; reactivate with Ctrl-A.
The wight hits you from afar with a +3 trident!
You feel drained.
You closely miss something. Your bite misses something. The wight misses you.
The shadow strikes at you from the darkness!
* * * LOW HITPOINT WARNING * * *
Reactivating autopickup.
Casting: Ensorcelled Hibernation (safe; 2% risk of failure)
Confirm with . or Enter, or press ? or * to list all spells.
Okay, then.
Unknown command.
Okay, then.
Press: ? - help, v - describe, . - travel
Here: a shadow (severely damaged)
The floor.
Casting: Ensorcelled Hibernation (safe; 2% risk of failure)
Confirm with . or Enter, or press ? or * to list all spells.
Okay, then.
Aiming: Corrosive Bolt
Press: ? - help, Shift-Dir - straight line The bolt of acid hits the shadow!
You destroy the shadow!
The Council accepts your kill. The wight barely misses you.
Your life force feels restored.
Press: ? - help, v - describe, . - travel The floor.
Aiming: Corrosive Bolt
Press: ? - help, Shift-Dir - straight line, f - wight
Aim: a wight, wielding a +3 trident and wearing a +0 robe (71% to hit)
The bolt of acid hits something!
The bolt of acid hits the wight.
The acid corrodes the wight!
The wight is lightly damaged.
You hear some strange, mumbled words.
A puff of flame appears from out of thin air!
Deactivating autopickup; reactivate with Ctrl-A.
The puff of flame hits you.
* * * LOW HITPOINT WARNING * * *
The wight hits you from afar with a +3 trident!
You die...

#.# #.# ### #.#♣♣ # ..#
##.#♣.♣ .# #.# #...♣♣.♣♣#.
##.# #....♣...(
...######....♣..z#
#......†..#.♣♣♣{#
...######..#♣.♣♣@# ####
#..#♣♣..♣# #..#♣♣.♣♣ #
##.#♣.♣♣ .## #####.#♣♣.♣ .##
#.....###################.##
#................).)........
#.......##...........)......
#.....#.##....###...).......


You could see a wight (corroded).

Vanquished Creatures
  Pikel (D:5)
  Psyche (D:8)
  Prince Ribbit (D:7)
  2 shadows
  2 water moccasins
  3 orc warriors
  Duvessa (D:5)
  3 black bears
  2 centaurs
  A lemure (D:4)
  2 kobold brigands
  7 scorpions
  4 bullfrogs
  3 water moccasin zombies (Ossuary)
  Dowan (D:5)
  2 jellies (D:6)
  A howler monkey (D:5)
  3 hounds
  2 orc priests
  A gnoll bouda (D:9)
  A sleepcap (D:6)
  4 iguanas
  5 orc wizards
  Ijyb (D:4)
  2 mummies (Ossuary)
  6 adders
  9 gnolls
  A white imp (D:8)
  An ufetubus (D:5)
  6 adder zombies (Ossuary)
  A worm (D:2)
  3 dart slugs
  15 orcs
  7 ball pythons
  8 endoplasms
  4 giant cockroaches
  A gnoll zombie (Ossuary)
  8 goblins
  5 hobgoblins
  4 bats
  A frilled lizard (D:3)
  4 hobgoblin zombies (Ossuary)
  12 kobolds
  3 kobold zombies (Ossuary)
  11 orc zombies (Ossuary)
  2 quokka zombies (D:6)
  6 rats
174 creatures vanquished.

Vanquished Creatures (collateral kills)
  Sigmund (D:5)
1 creature vanquished.

Vanquished Creatures (others)
  A dancing weapon (D:5)
1 creature vanquished.

Grand Total: 176 creatures vanquished

Notes
Turn   | Place    | Note
-------+----------+-------------------------------------------
     0 | D:1      | monsoonserge the Vine Stalker Enchanter began the quest for
                  | the Orb.
     0 | D:1      | Reached XP level 1. HP: 9/9 MP: 4/4
   167 | D:1      | Reached skill level 1 in Short Blades
   167 | D:1      | Reached XP level 2. HP: 13/13 MP: 6/6
   186 | D:1      | Learned a level 2 spell: Ensorcelled Hibernation
   724 | D:1      | Reached XP level 3. HP: 16/16 MP: 4/7
   729 | D:1      | Learned a level 3 spell: Confusing Touch
   996 | D:2      | Found Sarhorph's Weapon Shoppe.
  1101 | D:2      | Found an opulent altar of Gozag.
  1846 | D:3      | Noticed a scorpion
  1857 | D:3      | Killed a scorpion
  1858 | D:3      | Reached skill level 1 in Armour
  1858 | D:3      | Gained mutation: Your natural rate of healing is unusually
                  | fast. [Vine Stalker growth]
  1858 | D:3      | Reached XP level 4. HP: 21/21 MP: 4/9
  1862 | D:3      | Learned a level 3 spell: Tukima's Dance
  1875 | D:3      | Reached XP level 5. HP: 13/25 MP: 1/10
  1990 | D:3      | Reached skill level 1 in Ice Magic
  2637 | D:4      | Noticed Ijyb
  2643 | D:4      | Killed Ijyb
  2767 | D:4      | Reached XP level 6. HP: 28/29 MP: 4/11
  2773 | D:4      | Learned a level 3 spell: Dazzling Flash
  2953 | D:4      | Reached skill level 5 in Stealth
  3411 | D:5      | Entered Level 5 of the Dungeon
  3413 | D:5      | Noticed Dowan
  3417 | D:5      | Killed Dowan
  3418 | D:5      | Reached skill level 4 in Hexes
  3418 | D:5      | Reached XP level 7. HP: 32/32 MP: 12/12
  3418 | D:5      | Noticed Duvessa
  3427 | D:5      | Reached skill level 1 in Shields
  3615 | D:5      | Noticed Sigmund
  3620 | D:5      | Killed Sigmund
  3669 | D:5      | Noticed Pikel
  3834 | D:5      | Killed Duvessa
  3846 | D:5      | Reached skill level 1 in Fighting
  3846 | D:5      | Gained mutation: You have razor-sharp teeth. [Vine Stalker
                  | growth]
  3846 | D:5      | Reached XP level 8. HP: 37/37 MP: 3/13
  3941 | D:5      | Reached skill level 5 in Hexes
  4362 | D:5      | Killed Pikel
  4363 | D:5      | Reached skill level 6 in Hexes
  4363 | D:5      | Reached XP level 9. HP: 39/41 MP: 3/14
  5063 | D:6      | Found a sand-covered staircase.
  5080 | D:6      | Learned a level 1 spell: Slow
  5083 | Ossuary  | Entered an ossuary
  5208 | Ossuary  | Reached skill level 7 in Hexes
  6194 | D:7      | Found a staircase to the Ecumenical Temple.
  6223 | Temple   | Entered the Ecumenical Temple
  6303 | Temple   | Became a worshipper of the Wu Jian Council
  6590 | D:7      | Noticed Prince Ribbit
  6601 | D:7      | Killed Prince Ribbit
  6602 | D:7      | Reached skill level 1 in Conjurations
  7035 | D:8      | Reached XP level 10. HP: 46/46 MP: 14/17
  7049 | D:8      | Reached skill level 8 in Hexes
  7272 | D:8      | Reached * piety under Wu Jian
  7326 | D:8      | Noticed Psyche
  7397 | D:8      | Killed Psyche
  7398 | D:8      | Reached skill level 1 in Unarmed Combat
  7526 | D:8      | Learned a level 4 spell: Cause Fear
  7580 | D:8      | Noticed Amaemon
  7580 | D:8      | Noticed an orange demon
  7586 | D:8      | Found a snail-covered altar of Cheibriados.
  7586 | D:8      | Found Cheibriados's Comfort Zone.
  7889 | D:9      | Reached skill level 5 in Shields
  8016 | D:9      | Slain by a wight

Illustrated notes

Levels and vault maps discovered:
D:1:      minmay_arrival_pointy, layout_basic, st_stairs_5, skrybe_limestone_x,
          hangedman_abyss_or_decor_lesser_grid
D:2:      layout_basic, serial_shops, nicolae_shop_bloodbath_and_beyond,
          basic_altar, grunt_ministairs_2, hangedman_decor_points
D:3:      layout_rooms, nicolae_concentric_dashed_squares_wild,
          serial_bayou_pond_e
D:4:      layout_basic, uniq_ijyb
D:5:      layout_layer_cave, supply_closet_lemuel, uniq_pikel, uniq_duvessa,
          uniq_sigmund
D:6:      layout_gridville, enter_ossuary_4, serial_park_tiny_pond,
          minivault_26, st_stairs_13
D:7:      layout_cave_pools, minmay_temple_entry_glass, uniq_prince_ribbit1
D:8:      layout_loops_cross, serial_shops, shop, minmay_misc_feat_rows,
          minmay_shop_chei, uniq_amaemon, uniq_psyche
D:9:      nzn_winding_woodlands_small [nzn_winding_woodlands_5x15_eye,
          nzn_winding_woodlands_center_lodge,
          nzn_winding_woodlands_5x15_crooked], layout_loops_cross,
          mainiacjoe_overflow_alcove_1, david_lair_shrubbed, enter_bailey_5,
          minivault_26
Temple:   kilobyte_greek_temple

Skill      XL: |  1  2  3  4  5  6  7  8  9 10 |
---------------+-------------------------------+-----
Short Blades   | 1 2 4 |  4.9
Dodging        | 2 3 |  3.9
Armour         | 1 2 3 4 |  4.2
Stealth        | 4 5 |  5.1
Spellcasting   | 3 4 |  4.2
Ice Magic      | 1 2 |  2.0
Hexes          | 4 6 7 8 |  8.3
Shields        | 2 3 4 5 |  5.1
Fighting       | 1 2 |  2.4
Conjurations   | 1 2 |  2.0
Unarmed Combat | 1 |  1.6
Throwing       | |  0.2

Action                     |  1- 3 |  4- 6 |  7- 9 | 10-12 || total
---------------------------+-------+-------+-------+-------++-------
  Melee: Dagger            |    79 |    52 |   223 |    90 ||   444
         Bite              |    23 |     9 |    74 |    19 ||   125
         Punch             |     1 |     1 |       |       ||     2
         Unarmed           |       |       |       |     9 ||     9
  Throw: Dart              |       |       |     2 |       ||     2
   Cast: Ensorcelled Hiber |    18 |    21 |    52 |    24 ||   115
         Confusing Touch   |       |       |     6 |       ||     6
         Tukima's Dance    |       |       |     2 |     3 ||     5
         Dazzling Flash    |       |       |     1 |     4 ||     5
Ability: Whirlwind         |       |       |       |    17 ||    17
         Lunge             |       |       |       |    10 ||    10
  Evoke: Wand              |       |       |       |     2 ||     2
    Use: Scroll            |       |       |       |     2 ||     2
         Potion            |       |       |       |     1 ||     1
   Stab: Sleeping          |    14 |    18 |    36 |    15 ||    83
         Invisible         |       |       |     1 |     6 ||     7
         Confused          |       |       |     3 |       ||     3
 Armour: Robe              |     7 |       |       |       ||     7
         Leather armour    |     6 |     8 |    19 |     4 ||    37
  Dodge: Dodged            |    50 |    38 |   132 |    54 ||   274
  Block: Buckler           |       |       |    63 |    29 ||    92
